 Dungeon Crawl Stone Soup version 0.29.1-2-gbd0b4ee654 (webtiles) character file.

Game seed: 4774539368049689349

20863 glosham the Slayer (level 12, -8/258 HPs)
             Began as an Ogre Artificer on Nov 30, 2022.
             Was the Champion of Cheibriados.
             Shot with an arrow by a centaur (12 damage)
             ... on level 13 of the Dungeon on Dec 1, 2022.
             The game lasted 03:30:13 (9364 turns).

glosham the Slayer (Ogre Artificer)                 Turns: 9364, Time: 03:30:14

Health: -8/258     AC: 30    Str: 34    XL:     12   Next: 84%
Magic:  12/12      EV:  1    Int: 31    God:    Cheibriados [******]
Gold:   200        SH:  0    Dex: 24    Spells: 10/11 levels left

rFire   + . .      SeeInvis .   a - +4 war axe
rCold   x . .      Faith    .   (no shield)
rNeg    . . .      Spirit   .   (body armour currently unavailable)
rPois   +          Reflect  .   (helmet currently unavailable)
rElec   .          Harm     .   (cloak currently unavailable)
rCorr   .          Rampage  .   (gloves unavailable)
Will    +....      NoTele   +   (boots unavailable)
Stlth   ++........              z - amulet of the acrobat
HPRegen 0.53/turn               A - +4 ring of protection
MPRegen 0.13/turn               D - ring of fire

@: mighty, tree-form, invisible, very slow
A: stationary, stasis, torment immunity, boosted hp, large, unfitting armour,
(tough skin 1)
a: Renounce Religion, Bend Time, Temporal Distortion, Slouch, Step From Time


You were on level 13 of the Dungeon.
You worshipped Cheibriados.
Cheibriados was exalted by your worship.
You were a tree.
You visited 2 branches of the dungeon, and saw 14 of its levels.
You also visited: Sewer.

You collected 980 gold pieces.
You spent 780 gold pieces at shops.

Inventory:

Hand Weapons
 a - a +4 war axe (weapon)
 b - a +0 dire flail
 c - a +0 longbow
 j - a +2 flail of protection
 m - a +0 giant spiked club
 o - a +2 hand axe of flaming
 s - a +0 arbalest
 F - a +2 halberd of freezing
 G - a +0 giant spiked club
 H - a +1 hand axe of electrocution
 L - a +1 battleaxe
 R - a +1 quarterstaff of draining
Missiles
 e - a curare-tipped dart
 x - 12 boomerangs
 J - 19 poisoned darts (quivered)
 Q - 5 large rocks
Armour
 U - a +2 hat (melded)
 X - a +0 troll leather armour (melded)
 Y - a +2 cloak of preservation (melded)
Magical Staves
 v - a staff of death
 V - a staff of air
Jewellery
 z - an amulet of the acrobat (around neck)
 A - a +4 ring of protection (left branch)
 B - a +4 ring of protection
 C - a ring of ice
 D - a ring of fire (right branch)
 P - a ring of poison resistance
 S - a ring of resist corrosion
 W - a ring of willpower
Wands
 f - a wand of flame (3)
 g - a wand of digging (2)
 h - a wand of charming (15)
 p - a wand of polymorph (6)
Scrolls
 k - 4 scrolls of teleportation
 l - 4 scrolls of blinking
 n - 3 scrolls of fear
 t - 2 scrolls of brand weapon
 I - a scroll of summoning
 M - a scroll of immolation
 N - a scroll of amnesia
Potions
 d - 2 potions of brilliance {unknown}
 i - 7 potions of lignification
 q - 3 potions of ambrosia
 r - 3 potions of curing
 u - a potion of resistance
 w - 7 potions of flight
 y - 2 potions of might
 K - 2 potions of mutation {unknown}
 Z - 3 potions of cancellation


   Skills:
 * Level 25.4 Fighting
 - Level 2.1 Dodging
 - Level 0.6 Stealth
 - Level 2.4 Evocations


You had 10 spell levels left.
You knew the following spells:

 Your Spells              Type           Power      Damage    Failure   Level
a - Apportation           Tloc           0%         N/A       9%          1

Your spell library contained the following spells:

 Spells                   Type           Power      Damage    Failure   Level
 Freeze                   Ice            0%         1d3       9%          1
 Necrotise                Necr           0%         1d4       9%          1
 Summon Small Mammal      Summ           0%         N/A       9%          1
 Ensorcelled Hibernation  Hex/Ice        0%         N/A       14%         2
 Call Canine Familiar     Summ           0%         N/A       26%         3
 Confusing Touch          Hex            0%         N/A       26%         3
 Dazzling Flash           Conj/Hex       0%         N/A       26%         3
 Gell's Gravitas          Tloc           0%         N/A       26%         3
 Lesser Beckoning         Tloc           0%         N/A       26%         3
 Portal Projectile        Hex/Tloc       0%         N/A       26%         3
 Spider Form              Tmut/Pois      0%         N/A       26%         3
 Teleport Other           Tloc           0%         N/A       26%         3
 Anguish                  Hex/Necr       0%         N/A       65%         4
 Corpse Rot               Necr/Pois/Air  0%         N/A       65%         4
 Dispel Undead            Necr           0%         3d6       65%         4
 Leda's Liquefaction      Hex/Erth       0%         N/A       65%         4
 Agony                    Necr           0%         N/A       94%         5
 Freezing Cloud           Conj/Ice/Air   0%         6-21      94%         5
 Silence                  Hex/Air        0%         N/A       94%         5
 Summon Forest            Summ/Tloc      0%         N/A       94%         5
 Summon Mana Viper        Hex/Summ       0%         N/A       94%         5
 Yara's Violent Unravell  Hex/Tmut       0%         3d3       94%         5
 Death Channel            Necr           0%         N/A       100%        6
 Dispersal                Tloc           0%         N/A       100%        6
 Enfeeble                 Hex            0%         N/A       100%        7
 Disjunction              Tloc           0%         N/A       100%        8


Dungeon Overview and Level Annotations

Branches:
Dungeon (13/15)            Temple (1/1) D:6            Lair (0/5) D:10
    Orc (0/2) D:12          Sewer (visited)
 Vaults: D:13-14

Altars:
Ashenzari
Cheibriados
Dithmenos
Elyvilon
Fedhas
Gozag
Hepliaklqana
Kikubaaqudgha
Makhleb
Nemelex Xobeh
Qazlal
Ru
Sif Muna
Trog
Uskayaw
Vehumet
Wu Jian
Xom
Zin
The Shining One

Shops:
D:7 :   D:11 =   D:12 ?


Innate Abilities, Weirdness & Mutations

You are a tree.
Your roots penetrate the ground, keeping you stationary.
You cannot be teleported.
You are immune to unholy pain and torment.
Your maximum health is greatly increased.
Your equipment is partially melded.
You are too large for most types of armour.
((You have tough skin. (AC +1)))


Message History

You fade into invisibility!
The vampire mosquito closely misses you.
The centaur warrior hits you but does no damage.
The centaur warrior barely misses you.
The centaur shoots an arrow.
The arrow hits the vampire mosquito!
The arrow freezes the vampire mosquito.
The centaur warrior hits you but does no damage.
The centaur warrior kicks you.
* * * LOW HITPOINT WARNING * * *
The vampire mosquito barely misses you. The centaur warrior misses you.
The centaur warrior kicks you but does no damage.
Activating: Slouch (56% risk of failure)
Press: ? - help, Dir - look around, f - activate You fail to use your ability.
The vampire mosquito barely misses you.
The centaur shoots an arrow.
The arrow barely misses the vampire mosquito.
The arrow barely misses you.
The centaur warrior wields a +0 shortbow.
The centaur warrior shoots an arrow.
The arrow hits the vampire mosquito!
The centaur warrior hits you!
* * * LOW HITPOINT WARNING * * *
The centaur warrior kicks you but does no damage.
The vampire mosquito closely misses you.
The centaur shoots an arrow.
The arrow hits the vampire mosquito!
The arrow freezes the vampire mosquito.
The vampire mosquito is destroyed!
The centaur warrior shoots an arrow.
The arrow hits the centaur.
Unknown command.
Really quaff the potion of lignification?
Okay, then.
Really quaff the potion of lignification?
You turn into a tree.
Your +2 cloak of preservation melds into your body.
Your +2 hat melds into your body.
Your +0 troll leather armour melds into your body.
Your roots penetrate the ground.
The centaur warrior wields a +0 shortbow.
The centaur warrior shoots an arrow.
The arrow hits you!
* * * LOW HITPOINT WARNING * * *
The centaur shoots an arrow.
The arrow hits you!
You die...

..#############......##..###
...........................#
######............#.#.#)#..#
#.#########.######†##.# #.#
#..#..y..# .# #.#
##.##.##### .#
######.########...#.≈cc.# #
................†######.#
...............c♣c#
################)## #c.#
#.... ######
#######################..
.........................


You could see 2 centaur warriors and a centaur (unable to see you).

Vanquished Creatures
  A boulder beetle (D:12)
  A hydra (D:12)
  4 two-headed ogres
  A centaur warrior (D:13)
  A tengu warrior (D:11)
  Nergalle (D:11)
  An ugly thing (D:12)
  The ghost of GorkyZ the Fighter, a novice GrFi (D:6)
  A cyclops (D:11)
  2 manticores
  A komodo dragon (D:11)
  A kobold demonologist (D:11)
  5 trolls
  6 slime creatures (D:12)
  A wraith (D:12)
  2 shadows (D:9)
  6 yaks
  A vampire (D:11)
  A wyvern (D:8)
  A basilisk (D:12)
  2 vampire mosquitoes (D:12)
  2 acid dragons
  A sky beast (D:5)
  A black bear (D:7)
  9 orc warriors
  An ogre (D:5)
  5 centaurs
  4 wolves
  2 phantoms
  4 kobold brigands
  Blork the orc (D:4)
  3 bullfrogs (D:9)
  A necrophage (D:6)
  A gnoll sergeant (D:8)
  2 scorpions (D:7)
  8 wights
  7 killer bees
  5 electric eels
  3 howler monkeys (D:10)
  7 hounds
  9 orc priests
  4 iguanas
  14 orc wizards
  8 gnolls
  8 adders
  5 river rats
  2 shadow imps
  A white imp (D:7)
  An ufetubus (D:6)
  2 worms
  A dart slug (D:1)
  58 orcs
  8 bats
  7 endoplasms
  6 giant cockroaches
  2 hobgoblins
  4 jackals
  9 quokkas
  8 ball pythons
  4 frilled lizards
  2 goblins
  18 kobolds
  6 rats
295 creatures vanquished.

Vanquished Creatures (collateral kills)
  A two-headed ogre (D:13)
  2 centaur warriors (D:13)
  An ugly thing (D:13)
  A komodo dragon (D:13)
  A tengu conjurer (D:13)
  An efreet (D:13)
  A meliai (D:13)
  2 wraiths (D:13)
  Duvessa (D:5)
  An orc warrior (D:6)
  2 wolves (D:8)
  Dowan (D:5)
  A killer bee (D:9)
  An orc priest (D:5)
  An orc wizard (D:5)
  5 orcs
  2 quokkas
  2 butterflies (D:4)
27 creatures vanquished.

Vanquished Creatures (others)
  Grum (D:8)
  A vampire mosquito (D:13)
  A floating eye (D:13)
  A necrophage (D:5)
  2 killer bees (D:9)
  Terence (D:5)
  An adder (D:4)
  4 plants (D:1)
12 creatures vanquished.

Grand Total: 334 creatures vanquished

Notes
Turn   | Place    | Note
-------+----------+-------------------------------------------
     0 | D:1      | glosham the Ogre Artificer began the quest for the Orb.
     0 | D:1      | Reached XP level 1. HP: 19/19 MP: 1/1
     8 | D:1      | You fall into a shaft and drop 1 floor!
   146 | D:3      | Reached skill level 2 in Fighting
   350 | D:3      | Reached XP level 2. HP: 22/29 MP: 2/2
   412 | D:4      | Reached skill level 3 in Fighting
   499 | D:4      | Reached skill level 4 in Fighting
   499 | D:4      | Reached XP level 3. HP: 21/41 MP: 3/3
   504 | D:4      | Reached skill level 5 in Fighting
   504 | D:4      | Reached XP level 4. HP: 26/50 MP: 4/4
   997 | D:3      | Reached skill level 6 in Fighting
  1009 | D:4      | Noticed Blork the orc
  1016 | D:4      | Killed Blork the orc
  1017 | D:4      | Reached XP level 5. HP: 56/61 MP: 5/5
  1108 | D:4      | Reached skill level 7 in Fighting
  1137 | D:4      | Found a shimmering altar of Xom.
  1183 | D:3      | Noticed Terence
  1332 | D:5      | Entered Level 5 of the Dungeon
  1343 | D:5      | Noticed a sky beast
  1355 | D:5      | Reached XP level 6. HP: 45/72 MP: 6/6
  1360 | D:5      | Your ally Terence died
  1404 | D:5      | Killed a sky beast
  1405 | D:5      | Reached skill level 8 in Fighting
  1562 | D:5      | Reached skill level 9 in Fighting
  1562 | D:5      | Reached XP level 7. HP: 31/83 MP: 7/7
  1639 | D:5      | Noticed Duvessa
  1642 | D:5      | Noticed Dowan
  1650 | D:5      | Killed Dowan
  1660 | D:6      | Found a transporter.
  1666 | D:6      | Found a staircase to the Ecumenical Temple.
  1666 | D:6      | Found a transporter.
  1676 | D:6      | Got the Exposition on Generation and Graupel
  1687 | Temple   | Entered the Ecumenical Temple
  1728 | Temple   | Became a worshipper of Cheibriados the Contemplative
  1777 | D:6      | Reached skill level 10 in Fighting
  2083 | D:6      | Found a glowing drain.
  2088 | Sewer    | Entered a sewer
  2204 | Sewer    | Reached * piety under Cheibriados
  2471 | Sewer    | Reached skill level 11 in Fighting
  2609 | D:6      | Reached ** piety under Cheibriados
  2610 | D:6      | Reached XP level 8. HP: 61/97 MP: 8/8
  2700 | D:6      | Found a runed translucent gate.
  2700 | D:6      | Found a runed translucent gate.
  2700 | D:6      | Found a runed translucent gate.
  2768 | D:6      | Identified the +6 chain mail of Loss {Will- Regen+ Int+7}
  2769 | D:6      | Noticed GorkyZ's ghost (novice GrFi)
  2832 | D:5      | Killed Duvessa
  2833 | D:5      | Reached skill level 12 in Fighting
  3100 | D:5      | Reached skill level 13 in Fighting
  3670 | D:1      | Found a faded altar of an unknown god.
  3829 | D:1      | Reached *** piety under Cheibriados
  4367 | D:6      | Killed GorkyZ's ghost
  4368 | D:6      | Reached skill level 14 in Fighting
  4368 | D:6      | Reached XP level 9. HP: 56/114 MP: 9/9
  4458 | D:7      | Reached skill level 15 in Fighting
  4531 | D:7      | Found Ximn's Vocational Training.
  4704 | D:7      | Reached **** piety under Cheibriados
  4771 | D:7      | Reached skill level 16 in Fighting
  4835 | D:7      | Found a shadowy altar of Dithmenos.
  5185 | D:8      | Noticed Grum
  5206 | D:8      | Your ally Grum died
  5213 | D:8      | Reached skill level 17 in Fighting
  5365 | D:8      | Reached XP level 10. HP: 90/131 MP: 10/10
  5595 | D:8      | Reached skill level 18 in Fighting
  5857 | D:9      | Reached ***** piety under Cheibriados
  5873 | D:9      | Noticed a two-headed ogre
  5881 | D:9      | Killed a two-headed ogre
  6027 | D:9      | Reached skill level 19 in Fighting
  6509 | D:9      | Noticed a two-headed ogre
  6635 | D:9      | Killed a two-headed ogre
  6636 | D:9      | Reached skill level 20 in Fighting
  6665 | D:10     | Entered Level 10 of the Dungeon
  6686 | D:10     | Reached XP level 11. HP: 90/146 MP: 11/11
  6853 | D:10     | Found a staircase to the Lair.
  7047 | D:10     | Reached skill level 21 in Fighting
  7061 | D:10     | Noticed a two-headed ogre
  7065 | D:10     | Killed a two-headed ogre
  7245 | D:10     | Found a glowing golden altar of the Shining One.
  7357 | D:11     | Noticed Nergalle
  7357 | D:11     | Noticed a two-headed ogre
  7363 | D:11     | Killed a two-headed ogre
  7370 | D:11     | Killed Nergalle
  7436 | D:11     | Noticed a tengu warrior
  7445 | D:11     | Killed a tengu warrior
  7446 | D:11     | Reached skill level 22 in Fighting
  7574 | D:11     | Learned a level 1 spell: Apportation
  7762 | D:11     | Noticed a manticore
  7780 | D:11     | Killed a manticore
  7969 | D:11     | Noticed a cyclops
  7975 | D:11     | Killed a cyclops
  7991 | D:11     | Found Cogrem's Jewellery Boutique.
  8010 | D:11     | Bought a ring of resist corrosion for 240 gold pieces
  8010 | D:11     | Bought a ring of willpower for 300 gold pieces
  8010 | D:11     | Bought a ring of poison resistance for 240 gold pieces
  8147 | D:12     | Noticed a manticore
  8163 | D:12     | Killed a manticore
  8205 | D:12     | Reached ****** piety under Cheibriados
  8214 | D:12     | Reached skill level 23 in Fighting
  8248 | D:12     | HP: 15/157 [troll (8)]
  8250 | D:12     | Reached XP level 12. HP: 16/166 MP: 12/12
  8279 | D:12     | Found a staircase to the Orcish Mines.
  8327 | D:12     | Found Agig's Magic Scroll Emporium.
  8454 | D:12     | Noticed Maurice
  8455 | D:12     | Noticed Maurice
  8455 | D:12     | Maurice changed into Maurice the basilisk
  8466 | D:12     | Killed Maurice the basilisk
  8579 | D:12     | Noticed a boulder beetle
  8595 | D:12     | Killed a boulder beetle
  8667 | D:12     | Noticed a six-headed hydra
  8885 | D:12     | Reached skill level 24 in Fighting
  9011 | D:12     | Killed a one-headed hydra
  9250 | D:13     | Noticed a centaur warrior
  9258 | D:13     | Killed a centaur warrior
  9305 | D:13     | Noticed a centaur warrior
  9307 | D:13     | Killed a centaur warrior
  9311 | D:13     | Noticed a centaur warrior
  9314 | D:13     | Reached skill level 25 in Fighting
  9318 | D:13     | Killed a centaur warrior
  9325 | D:13     | Noticed a centaur warrior
  9347 | D:13     | Noticed a centaur warrior
  9351 | D:13     | Noticed a two-headed ogre
  9354 | D:13     | Killed a two-headed ogre
  9363 | D:13     | HP: 11/172 [centaur warrior (7)]
  9364 | D:13     | HP: 4/258 [centaur warrior/arrow (14)]
  9364 | D:13     | Shot with an arrow by a centaur

Illustrated notes

Levels and vault maps discovered:
D:1:      dpeg_arrival_triangle_fractal, layout_basic,
          shapermc_ecumenical_altar_mp_urbaneastern, hangedman_decor_growths,
          minmay_3d_cube
D:2:      layout_basic
D:3:      layout_loops_corners, kennysheep_generic_room_9, uniq_terence
D:4:      layout_cave_pools, xom_butterflies, uniq_blork_the_orc
D:5:      layout_basic, uniq_duvessa
D:6:      gammafunk_steamed_eel, layout_rooms, minmay_temple_entry_offerings,
          gup_sewer_entry_spiral, biasface_ghost_orc_armoury, minivault_4,
          lightli_orcish_oven
D:7:      layout_loops_cross, grunt_dithmenos_shadows, nicolae_shop_vocational
D:8:      layout_basic, uniq_grum
D:9:      layout_irregular_city
D:10:     kennysheep_six_static_rooms, layout_rooms,
          mainiacjoe_overflow_six_doors_small, erik_lair_island
D:11:     layout_roguey, serial_shops, nicolae_shop_trees, uniq_nergalle
D:12:     layout_loops_ring, hiddenorc2_lemuel, serial_shops, shop,
          fountainhead, uniq_maurice
D:13:     layout_long_grid, david_vaults_2, onia_ninara_cookie
Temple:   nicolae_temple_bog_church

Skill      XL: |  1  2  3  4  5  6  7  8  9 10 11 12 |
---------------+-------------------------------------+-----
Fighting       | 2 4 5 6 7 9 11 14 17 20 23 25 | 25.4
Dodging        | |  2.1
Stealth        | |  0.6
Evocations     | |  2.4

Action                   |  1- 3 |  4- 6 |  7- 9 | 10-12 || total
-------------------------+-------+-------+-------+-------++-------
Melee: Club              |    20 |       |       |       ||    20
       Spear             |    51 |   116 |    27 |       ||   194
       Punch             |     1 |       |     4 |     4 ||     9
       Trident           |       |     3 |   126 |       ||   129
       Flail             |       |       |   120 |       ||   120
       Quarterstaff      |       |       |   125 |    98 ||   223
       War axe           |       |       |       |   321 ||   321
       Hand axe          |       |       |       |     7 ||     7
 Fire: Sling             |     1 |     4 |       |       ||     5
       Arbalest          |       |       |       |     2 ||     2
Throw: Boomerang         |       |       |     6 |       ||     6
       Dart              |       |       |       |    30 ||    30
 Cast: Apportation       |       |       |       |     1 ||     1
Evoke: Wand              |     4 |    15 |    23 |    35 ||    77
  Use: Scroll            |       |       |    14 |     9 ||    23
       Potion            |       |       |     3 |    12 ||    15
 Stab: Sleeping          |     2 |     3 |     2 |     3 ||    10
       Betrayed ally     |       |       |     1 |       ||     1
       Invisible         |       |       |       |     2 ||     2
Armor: Robe              |    19 |    36 |   177 |   268 ||   500
       Troll leather arm |       |       |       |    21 ||    21
Dodge: Dodged            |    40 |    59 |   286 |   366 ||   751

Table legend: (Time is in decaauts)
 A = Elapsed time spent in this place.
 B = Non-inter-level travel time spent in this place.
 C = Inter-level travel time spent in this place.
 D = Time resting spent in this place.
 E = Time spent auto-exploring this place.
 F = Levels seen in this place.
 G = Mean time per level.
                   A        B        C        D        E       F      G
               +--------+--------+--------+--------+--------+-----+--------+
         Total |  14380 |  13046 |   1334 |    110 |      0 |  15 |  958.7 |
       Dungeon |  13669 |  12335 |   1334 |    110 |      0 |  13 | 1051.5 |
        Temple |     79 |     79 |      0 |      0 |      0 |   1 |   79.0 |
         Sewer |    631 |    631 |      0 |      0 |      0 |   1 |  631.0 |
               +--------+--------+--------+--------+--------+-----+--------+

Top non-repeatable levels by time:
    D:12: 1875 daAuts
     D:9: 1502 daAuts
     D:8: 1357 daAuts
    D:11: 1291 daAuts
    D:10: 1092 daAuts
     D:1: 1080 daAuts
     D:6: 1075 daAuts
     D:7: 993 daAuts
     D:3: 928 daAuts
     D:5: 869 daAuts
     D:2: 647 daAuts
   Sewer: 631 daAuts
    D:13: 485 daAuts
     D:4: 467 daAuts
  Temple: 79 daAuts

Table legend:
 A = Kills in this place as a percentage of kills in entire the game.
 B = Kills by you in this place as a percentage of kills by you in the entire game.
 C = Kills by friends in this place as a percentage of kills by friends in the entire game.
 D = Other kills in this place as a percentage of other kills in the entire game.
 E = Experience gained in this place as a percentage of experience gained in the entire game.
 F = Experience gained in this place divided by the number of levels of this place that you have seen.
                   A       B       C       D       E      F
               +-------+-------+-------+-------+-------+----------------------
         Total | 100.0 | 100.0 | 100.0 |   N/A | 100.0 | 1987.0
       Dungeon |  92.2 |  91.5 | 100.0 |   N/A |  99.6 | 2283.4
         Sewer |   7.8 |   8.5 |   0.0 |   N/A |   0.4 | 121.0
               +-------+-------+-------+-------+-------+----------------------
